 Dungeon Crawl Stone Soup version 0.21.0-3-g78d12a8 (webtiles) character file.

62 mopl the Sneak (level 4, 0/24 HPs)
             Began as a Tengu Enchanter on Jan 13, 2018.
             Killed by the meddling of Cheibriados (14 damage)
             ... on level 2 of the Dungeon.
             The game lasted 00:02:42 (1379 turns).

mopl the Sneak (Tengu Enchanter)                    Turns: 1379, Time: 00:02:42

Health: 0/24       AC:  3    Str:  8    XL:     4   Next: 8%
Magic:  8/8        EV: 13    Int: 16    God:
Gold:   148        SH:  0    Dex: 15    Spells: 1/7 levels left

rFire    . . .     SeeInvis .   a - +1 dagger
rCold    + . .     Gourm    .   (no shield)
rNeg     . . .     Faith    .   b - +0 robe
rPois    .         Spirit   .   j - +1 hat
rElec    .         Reflect  .   (no cloak)
rCorr    .         Harm     .   (no gloves)
MR       .....                  (boots unavailable)
Stlth    +++.......             (no amulet)
HPRegen  0.08/turn              l - ring of protection from cold
MPRegen  0.11/turn              (no ring)

@: very slow
A: beak, talons 3
a: no special abilities


You were on level 2 of the Dungeon.
You were not hungry.

You visited 1 branch of the dungeon, and saw 2 of its levels.

You collected 148 gold pieces.

Inventory:

Hand Weapons
 a - a +1 dagger (weapon)
Missiles
 e - 17 poisoned needles
Armour
 b - a +0 robe (worn)
 j - a +1 hat (worn)
Jewellery
 l - a ring of protection from cold (left hand)
Scrolls
 h - a scroll of noise {unknown}
 i - a scroll of magic mapping {unknown}
 k - 2 scrolls of identify {unknown}
Potions
 f - a potion of curing {unknown}
Books
 c - a book of Maledictions

   Spells                             Type                      Level
   a - Corona                         Hexes                        1
   b - Ensorcelled Hibernation        Hexes/Ice                    2
   c - Confuse                        Hexes                        3
   d - Tukima's Dance                 Hexes                        3
   e - Dazzling Spray                 Conjuration/Hexes            3
Comestibles
 d - 4 rations
 g - 5 chunks of flesh


   Skills:
 + Level 1.8 Short Blades
 - Level 2.1 Dodging
 * Level 3.8 Stealth
 + Level 2.3 Spellcasting
 * Level 2.6 Hexes
 + Level 0.7 Ice Magic


You had one spell level left.
You knew the following spells:

 Your Spells              Type           Power        Failure   Level  Hunger
a - Corona                Hex            ##.....      7%          1    #......
b - Ensorcelled Hibernat  Hex/Ice        #.....       16%         2    ###....
c - Confuse               Hex            ##......     21%         3    ###....


Dungeon Overview and Level Annotations

Branches:
Dungeon (2/15)

Altars:
Cheibriados
Gozag


Innate Abilities, Weirdness & Mutations

You have a beak for a mouth.
You have claws for feet.


Message History

You puncture the bat!
You kill the bat!
No target in view!
Time shudders.
Rocks fall onto you out of nowhere!
Ouch! That really hurt!
You now have 148 gold pieces (gained 9).
You see here an adder corpse.
You butcher the adder corpse.
g - 7 chunks of flesh (gained 1)
You see here an adder skeleton.
There is a stone staircase leading up here.
You start resting.
Some of the chunks of flesh in your inventory have rotted away.
Magic restored.
There is a stone staircase leading up here.
You start resting.
Time shudders.
Your body is flooded with distortional energies!
Ouch! That really hurt!
You die...

##.# ###### #... # ...
#... #.#... ######...
##.#.#.###+###........
#....#.....รท..........
#..#.###......).....##
#...................#
#.#.....#...........#
#....@#.#...........#
####.##.#...........#
#.........######......#
#.....................#
#.....................##
#.....................#.
#.......................
#.......................
#...............##.....#


There were no monsters in sight!

Vanquished Creatures
  2 adders (D:2)
  2 worms (D:2)
  A dart slug (D:2)
  A leopard gecko (D:1)
  A giant cockroach (D:2)
  5 goblins
  2 hobgoblins
  4 kobolds
  2 quokkas (D:2)
  10 bats
  4 frilled lizards
  6 rats
40 creatures vanquished.

Vanquished Creatures (others)
  4 toadstools (D:1)
4 creatures vanquished.

Grand Total: 44 creatures vanquished

Notes
Turn   | Place    | Note
-------+----------+-------------------------------------------
     0 | D:1      | mopl the Tengu Enchanter began the quest for the Orb.
     0 | D:1      | Reached XP level 1. HP: 10/10 MP: 4/4
   267 | D:1      | Reached XP level 2. HP: 15/15 MP: 6/6
   280 | D:1      | Learned a level 2 spell: Ensorcelled Hibernation
   987 | D:2      | Reached XP level 3. HP: 15/19 MP: 2/7
  1039 | D:2      | Learned a level 3 spell: Confuse
  1093 | D:2      | Found a faded altar of an unknown god.
  1114 | D:2      | Became a worshipper of Cheibriados the Contemplative
  1114 | D:2      | Reached * piety under Cheibriados
  1115 | D:2      | Fell from the grace of Cheibriados
  1136 | D:2      | Found an opulent altar of Gozag.
  1337 | D:2      | Reached XP level 4. HP: 23/24 MP: 3/8
  1379 | D:2      | Killed by the meddling of Cheibriados

Action                   |  1- 3 |  4- 6 || total
-------------------------+-------+-------++-------
Melee: Dagger            |    96 |     1 ||    97
       Kick              |    16 |       ||    16
       Peck              |    13 |       ||    13
 Cast: Ensorcelled Hiber |     9 |       ||     9
       Corona            |     1 |       ||     1
       Confuse           |     1 |       ||     1
Invok: Renounce Religion |     1 |       ||     1
 Stab: Sleeping          |    15 |     1 ||    16
       Confused          |     1 |       ||     1
  Eat: Chunk             |     2 |     1 ||     3
Armor: Robe              |    14 |       ||    14
Dodge: Dodged            |    72 |       ||    72
